 Dungeon Crawl Stone Soup version 0.16.0-17-g811c1d7 (webtiles) character file.

104 maniek23 the Sneak (level 4, -3/31 HPs)
             Began as a Vampire Enchanter on Mar 21, 2015.
             Killed from afar by an orc wizard (9 damage)
             ... with a puff of frost
             ... on level 3 of the Dungeon.
             The game lasted 00:04:08 (1485 turns).

maniek23 the Sneak (Vampire Enchanter)              Turns: 1485, Time: 00:04:10

Health: -3/31      AC:  3    Str:  8    XL:     4   Next: 52%
Magic:  2/8        EV: 13    Int: 17    God:
Gold:   93         SH:  0    Dex: 14    Spells: 2 memorised, 4 levels left

rFire  . . .     SeeInvis +     a - +1 dagger
rCold  . . .     Clarity  .     b - +1 robe
rNeg   + . .     SustAb   .     (no shield)
rPois  .         Gourm    .     (no helmet)
rElec  .         Spirit   .     (no cloak)
rCorr  .         Warding  .     (no gloves)
rMut   .         Stasis   .     (no boots)
MR     .....                    (no amulet)
Stlth  ++++......               (no ring)
                                (no ring)

@: very slightly contaminated, not resistant to hostile enchantments, stealthy
A: bottle blood, fangs 3, see invisible, unbreathing
a: Bat Form


You were on level 3 of the Dungeon.
You were not thirsty.

You visited 1 branch of the dungeon, and saw 3 of its levels.

You collected 93 gold pieces.

Inventory:

Hand weapons
 a - a +1 dagger (weapon)
 r - a +3 quarterstaff of chaos
Armour
 b - a +1 robe (worn)
 f - a +4 chain mail
Jewellery
 e - an uncursed ring of invisibility {unknown}
 k - a cursed ring of teleportation {unknown}
Scrolls
 g - a scroll of teleportation {unknown}
 h - 3 scrolls of immolation {unknown}
 i - 3 scrolls of fear {unknown}
 j - 2 scrolls of noise {unknown}
 m - 2 scrolls of remove curse {unknown}
 o - 4 scrolls of identify {unknown}
Potions
 d - 15 potions of blood
 l - a potion of lignification {unknown}
 n - a potion of heal wounds {unknown}
 p - 2 potions of curing {unknown}
 q - a potion of invisibility {unknown}
Books
 c - a book of Maledictions

   Spells                             Type                      Level
   a - Corona                         Hexes                        1
   b - Sure Blade                     Hexes/Charms                 2
   c - Ensorcelled Hibernation        Hexes/Ice                    2
   d - Confuse                        Hexes                        3
   e - Dazzling Spray                 Conjuration/Hexes            3
   f - Enslavement                    Hexes                        4


   Skills:
 + Level 0.5 Fighting
 + Level 1.8 Short Blades
 + Level 2.7 Dodging
 + Level 6.2 Stealth
 + Level 2.3 Spellcasting
 + Level 4.9 Hexes
 + Level 0.6 Ice Magic


You had 4 spell levels left.
You knew the following spells:

 Your Spells              Type           Power        Failure   Level  Hunger
a - Corona                Hex            ###....      2%          1    #......
b - Ensorcelled Hibernat  Hex/Ice        ##....       12%         2    ##.....


Dungeon Overview and Level Annotations

Branches:
Dungeon (3/15)

Altars:


Innate Abilities, Weirdness & Mutations

You can bottle blood from corpses.
You have razor-sharp teeth.
You have supernaturally acute eyesight.
You can survive without breathing.


Message History

You barely miss the orc wizard. The orc wizard barely misses you.
You miss the orc wizard.
The orc wizard hits you but does no damage.
You closely miss the orc wizard. The orc wizard hits you with a dagger.
The orc wizard gestures at you while chanting.
The magic dart hits you!
You hit the orc wizard.
The orc wizard is lightly wounded.
The orc wizard hits you with a dagger.
* * * LOW HITPOINT WARNING * * *
You hit the orc wizard!
The orc wizard is severely wounded.
The orc wizard hits you but does no damage.
You barely miss the orc wizard.
The orc wizard is severely wounded.
The orc wizard hits you with a dagger.
* * * LOW HITPOINT WARNING * * *
The orc wizard points at you and mumbles some strange words.
The puff of frost hits you!
You die...

#####....##......#.##...#
...................#
...#.......####...#
...........# ##.##
..#.......# ###
###.....## ##....#
##.#.### #.#o@[#
#......)#...#
.#####.###o# #.. # ##o #


You could see an orc wizard and an orc.

Vanquished Creatures
  Crazy Yiuf (D:2)
  An orc priest (D:3)
  An adder (D:2)
  2 giant geckos
  2 orcs (D:3)
  3 bats
  3 giant cockroaches (D:1)
  3 goblins
  4 hobgoblins
  3 giant newts (D:1)
  2 kobolds (D:2)
  16 rats
41 creatures vanquished.

Notes
Turn   | Place    | Note
--------------------------------------------------------------
     0 | D:1      | maniek23, the Vampire Enchanter, began the quest for the Orb.
     0 | D:1      | Reached XP level 1. HP: 13/13 MP: 3/3
   282 | D:1      | Reached skill level 5 in Stealth
   282 | D:1      | Reached XP level 2. HP: 11/19 MP: 4/4
   289 | D:1      | Learned a level 2 spell: Ensorcelled Hibernation
  1003 | D:2      | Noticed Crazy Yiuf
  1009 | D:2      | Killed Crazy Yiuf
  1009 | D:2      | Reached XP level 3. HP: 17/25 MP: 3/6
  1308 | D:2      | Reached skill level 6 in Stealth
  1308 | D:2      | Reached XP level 4. HP: 31/31 MP: 1/7
  1485 | D:3      | Killed from afar by an orc wizard

Action                   |  1- 3 |  4- 6 || total
-------------------------+-------+-------++-------
Melee: Dagger            |    81 |    23 ||   104
 Cast: Ensorcelled Hiber |     3 |     2 ||     5
 Stab: Sleeping          |    12 |     1 ||    13
  Eat: Corpse            |     5 |       ||     5
